 Dungeon Crawl Stone Soup version 0.29.1-13-g9f3cf754e1 (webtiles) character file.

Game seed: 9364018835223938327

4307 croobank the Conjurer (level 10, -4/85 (109) HPs)
             Began as a Demonspawn Conjurer on Jan 24, 2023.
             Was an Initiate of Gozag.
             Slain by a wraith (6 damage)
             ... on level 8 of the Dungeon.
             The game lasted 00:28:57 (11454 turns).

croobank the Conjurer (Demonspawn Conjurer)        Turns: 11454, Time: 00:28:58

HP:   -4/85 (109)   AC: 25    Str:  7    XL:     10   Next: 11%
MP:   15/17         EV:  2    Int: 30    God:    Gozag
Gold: 299           SH:  0    Dex: 12    Spells: 8/19 levels left

rFire   . . .      SeeInvis .   p - +5 hand axe
rCold   . . .      Faith    .   (no shield)
rNeg    . . .      Spirit   .   (body armour currently unavailable)
rPois   +          Reflect  .   (helmet currently unavailable)
rElec   .          Harm     .   (cloak currently unavailable)
rCorr   .          Rampage  .   (gloves currently unavailable)
Will    .....      NoTele   +   (boots currently unavailable)
Stlth   +++.......              (no amulet)
HPRegen 0.24/turn               L - ring of poison resistance
MPRegen 0.15/turn               s - +6 ring of intelligence

@: tree-form, slowed, heavily drained, very slow
A: stationary, stasis, torment immunity, boosted hp, (hooves 2), foul stench 2,
(sanguine armour 1), demonic magic 1
a: Renounce Religion, Potion Petition, Call Merchant, Bribe Branch


You were on level 8 of the Dungeon.
You worshipped Gozag.
Gozag was aware of your devotion.
You were a tree.
You visited 2 branches of the dungeon, and saw 10 of its levels.
You also visited: Ossuary.

You collected 899 gold pieces.
You spent 494 gold pieces at shops.
You paid 106 gold pieces to Gozag.

Inventory:

Hand Weapons
 a - a +0 scimitar
 f - a +0 dagger of speed
 h - a +1 short sword of venom
 j - a +3 whip
 p - a +5 hand axe (weapon)
 y - a +3 war axe of protection
 G - a +1 demon whip of venom
 J - a +0 war axe of venom
 K - a +1 short sword of protection
Missiles
 l - a throwing net
 n - 2 atropa-tipped darts
 r - 18 poisoned darts
 P - 2 curare-tipped darts
Armour
 c - a +1 cloak (melded)
 B - the +0 ring mail "Suipt" (melded) {Int+3}
   (You found it on level 4 of the Dungeon)

   Int:       It affects your intelligence (+3).
 E - a +0 helmet (melded)
 N - a +1 leather armour of cold resistance
Jewellery
 d - a ring of resist corrosion
 q - a +6 ring of strength
 s - a +6 ring of intelligence (right branch)
 A - a ring of ice
 I - a ring of wizardry
 L - a ring of poison resistance (left branch)
Wands
 C - a wand of flame (8)
 O - a wand of acid (3)
Scrolls
 e - 2 scrolls of teleportation
 v - a scroll of amnesia
 w - a scroll of vulnerability
 x - a scroll of immolation
 D - a scroll of enchant weapon
 M - 2 scrolls of noise
 R - a scroll of identify
Potions
 b - 3 potions of magic
 g - a potion of ambrosia
 i - a potion of brilliance
 k - 2 potions of resistance
 o - 2 potions of degeneration
 t - 7 potions of flight
 F - 2 potions of attraction
 H - a potion of cancellation {unknown}


   Skills:
 + Level 4.9 Fighting
 - Level 5.0 Axes
 + Level 3.6 Armour
 + Level 4.9 Dodging
 + Level 5.3 Stealth
 + Level 5.1 Spellcasting
 - Level 5.9 Conjurations
 * Level 3.2 Hexes
 * Level 3.2 Summonings
 - Level 3.5 Transmutations


You had 8 spell levels left.
You knew the following spells:

 Your Spells              Type           Power      Damage    Failure   Level
a - Magic Dart            Conj           100%       1d8       1%          1
b - Searing Ray           Conj           86%        2d7       1%          2
c - Beastly Appendage     Tmut           56%        N/A       1%          1
d - Wereblood             Tmut           28%        N/A       1%          2
e - Summon Mana Viper     Hex/Summ       27%        N/A       38%         5

Your spell library contained the following spells:

 Spells                   Type           Power      Damage    Failure   Level
 Shock                    Conj/Air       100%       1d9       1%          1
 Dazzling Flash           Conj/Hex       70%        N/A       2%          3
 Spider Form              Tmut/Pois      18%        N/A       9%          3
 Fulminant Prism          Conj/Hex       17%        3d11      9%          4
 Swiftness                Air            7%         N/A       17%         3
 Iskenderun's Mystic Bla  Conj/Tloc      25%        2d7       17%         4
 Airstrike                Air            3%         2d(1-17)  50%         4
 Alistair's Intoxication  Tmut/Pois      12%        N/A       61%         5
 Summon Forest            Summ/Tloc      8%         N/A       63%         5
 Borgnjor's Vile Clutch   Necr/Erth      3%         N/A       85%         5
 Summon Cactus Giant      Summ           13%        N/A       93%         6
 Eringya's Noxious Bog    Tmut/Pois      9%         N/A       99%         6


Dungeon Overview and Level Annotations

Branches:
Dungeon (9/15)             Temple (1/1) D:6         Ossuary (visited)
   Lair: D:8-11         Orc: D:9-12

Altars:
Ashenzari
Cheibriados
Dithmenos
Fedhas
Gozag
Hepliaklqana
Kikubaaqudgha
Makhleb
Nemelex Xobeh
Okawaru
Qazlal
Ru
Sif Muna
Trog
Uskayaw
Vehumet
Wu Jian
Xom
Yredelemnul

Shops:
D:5 :


Innate Abilities, Weirdness & Mutations

You are a tree.
Your roots penetrate the ground, keeping you stationary.
You cannot be teleported.
You are immune to unholy pain and torment.
Your maximum health is greatly increased.
Your equipment is partially melded.
((You have hoof-like feet.))
You sometimes emit foul miasma when damaged in melee.
((When seriously injured, your blood forms armour. (AC +0)))
Spells you cast may paralyse adjacent enemies.


Message History

Your roots penetrate the ground.
Your blood armour dries and flakes away.
The wight hits you but does no damage. The wraith hits you but does no damage.
The wight hits you with a +3 short sword.
* * * LOW HITPOINT WARNING * * *
The wraith hits you.
* * * LOW HITPOINT WARNING * * *
You feel better. The wight hits you but does no damage.
The wraith hits you but does no damage.
Casting: Beastly Appendage (safe; 1% risk of failure)
Confirm with . or Enter, or press ? or * to list all spells.
Aiming: Searing Ray (safe; 1% risk of failure)
Press: ? - help, Shift-Dir - straight line, f - wraith
Aim: a wraith (foul pestilence, moderately damaged, 82% to hit)
The searing ray hits the wraith but does no damage.
The wraith is moderately damaged. (Press . to maintain the ray.) Malevolent energies surge around you.
The wight suddenly stops moving!
The wraith hits you!
* * * LOW HITPOINT WARNING * * *
The wraith hits you but does no damage.
Your magical contamination has completely faded away.
The helpless wight fails to defend itself.
You hit the wight.
The wight is lightly damaged.
You hit the wraith. The wraith hits you.
* * * LOW HITPOINT WARNING * * *
You emit a cloud of foul miasma!
The helpless wight fails to defend itself.
You slash the wight!
The wight is almost destroyed.
You hit the wraith but do no damage.
The wight is no longer paralysed.
The wight hits you with a +3 short sword.
* * * LOW HITPOINT WARNING * * *
You feel drained.
* * * LOW HITPOINT WARNING * * *
You emit a cloud of foul miasma!
The wraith hits you but does no damage. The wight hits you but does no damage.
The wraith hits you.
You die...
Your body crumbles into a pile of gold.

####.# #.#.#......#
.....# #.##.#######
###### #.#### #.#######
#.......# #..####.# #..#
#.#
######..####.########
#..........#.♣W.....#
####.####..##...z$.###.#
.....###...####..#.# #.#
#######.....###..#.###.#
##.........#..)..# ##
##.######.#####.# .# #.#
#.# #.# .### #.#
#.#####.# ...# ##'##
#.......#


You could see a wraith and a wight.

Vanquished Creatures
  Amaemon (D:8)
  An orange demon (D:8)
  A troll (D:5)
  A wraith (D:9)
  A steam dragon (D:6)
  4 ice beasts
  2 black bears
  2 ogres
  Blork the orc (D:6)
  4 kobold brigands
  3 phantoms
  3 elf zombies (Ossuary)
  3 scorpions
  A wight (D:8)
  6 killer bees
  A howler monkey (D:8)
  5 centaur zombies (Ossuary)
  An orc priest (D:4)
  A hound (D:5)
  3 jellies
  4 iguanas
  7 orc wizards
  3 hound zombies (Ossuary)
  3 mummies (Ossuary)
  10 adders
  7 gnolls (D:4)
  A shadow imp (D:6)
  2 white imps (D:6)
  2 ufetubi (D:4)
  3 adder zombies (Ossuary)
  2 worms
  4 dart slugs
  18 orcs
  9 ball pythons
  3 bat zombies (D:3)
  2 endoplasms
  2 giant cockroaches
  6 goblins
  6 hobgoblins
  2 jackals (D:2)
  2 quokkas
  5 bats
  4 frilled lizards
  7 goblin zombies
  7 hobgoblin zombies (Ossuary)
  A jackal zombie (Ossuary)
  32 kobolds
  5 kobold zombies (Ossuary)
  An orc zombie (Ossuary)
  3 quokka zombies (Ossuary)
  4 rats
  2 rat zombies
214 creatures vanquished.

Vanquished Creatures (others)
  2 fungi (D:9)
  2 plants (D:9)
4 creatures vanquished.

Grand Total: 218 creatures vanquished

Notes
Turn   | Place    | Note
-------+----------+-------------------------------------------
     0 | D:1      | croobank the Demonspawn Conjurer began the quest for the
                  | Orb.
     0 | D:1      | Reached XP level 1. HP: 13/13 MP: 3/3
   426 | D:1      | Gained mutation: You have large cloven feet. [demonic
                  | ancestry]
   426 | D:1      | Reached XP level 2. HP: 15/20 MP: 5/5
   539 | D:1      | Learned a level 2 spell: Searing Ray
  1191 | D:1      | Found a faded altar of an unknown god.
  1481 | D:2      | Reached skill level 1 in Fighting
  1484 | D:2      | Gained mutation: Spells you cast may paralyse adjacent
                  | enemies. [demonic ancestry]
  1484 | D:2      | Reached XP level 3. HP: 24/26 MP: 6/6
  1746 | D:2      | Learned a level 1 spell: Beastly Appendage
  2104 | D:3      | Found an ornate altar of the Wu Jian Council.
  2371 | D:3      | Reached XP level 4. HP: 19/32 MP: 7/7
  2579 | D:3      | Reached skill level 1 in Axes
  2793 | D:3      | Found a burning altar of Makhleb.
  2959 | D:3      | Found an ancient bone altar of Kikubaaqudgha.
  3059 | D:3      | Learned a level 2 spell: Wereblood
  3562 | D:4      | Reached XP level 5. HP: 33/37 MP: 8/8
  3570 | D:4      | Found a sand-covered staircase.
  3593 | Ossuary  | Entered an ossuary
  3642 | Ossuary  | Reached skill level 1 in Transmutations
  3992 | Ossuary  | Gained mutation: You may rarely emit foul miasma when
                  | damaged in melee. [demonic ancestry]
  3992 | Ossuary  | Reached XP level 6. HP: 44/44 MP: 10/10
  4338 | Ossuary  | Reached XP level 7. HP: 27/51 MP: 11/11
  4731 | D:4      | Identified the +0 ring mail "Suipt" {Int+3}
  5325 | D:4      | Reached skill level 5 in Conjurations
  5759 | D:4      | Reached skill level 1 in Armour
  6147 | D:5      | Entered Level 5 of the Dungeon
  6177 | D:5      | Noticed a troll
  6181 | D:5      | Gained mutation: When seriously injured, your blood forms
                  | armour. (AC +0) [demonic ancestry]
  6181 | D:5      | Reached XP level 8. HP: 58/58 MP: 5/13
  6187 | D:5      | Killed a troll
  6659 | D:5      | Found Tushri's Book Shop.
  7563 | D:6      | Found a staircase to the Ecumenical Temple.
  7697 | Temple   | Entered the Ecumenical Temple
  7704 | Temple   | Became a worshipper of Gozag Ym Sagoz the Greedy
  7958 | D:6      | Noticed Blork the orc
  7967 | D:6      | Killed Blork the orc
  8354 | D:7      | Gained mutation: You have hoof-like feet. [demonic
                  | ancestry]
  8354 | D:7      | Reached XP level 9. HP: 55/65 MP: 8/15
  8447 | D:7      | Reached skill level 5 in Axes
  8968 | D:7      | Found a shadowy altar of Dithmenos.
  8968 | D:7      | Found a stormy altar of Qazlal.
  8975 | D:7      | Found a bloodstained altar of Trog.
  8977 | D:7      | Found a faded altar of an unknown god.
  8979 | D:7      | Found a radiant altar of Vehumet.
  9569 | D:5      | Bought a book of the Wilderness for 494 gold pieces
  9575 | D:5      | Learned a level 5 spell: Summon Mana Viper
  9779 | D:8      | Identified the +3 scale mail of the Sun {rF+ rN+}
 10068 | D:8      | Reached skill level 1 in Hexes
 10068 | D:8      | Reached skill level 1 in Summonings
 10265 | D:8      | Noticed Amaemon
 10265 | D:8      | Noticed an orange demon
 10283 | D:8      | Killed an orange demon
 10291 | D:8      | Killed Amaemon
 10292 | D:8      | Reached skill level 5 in Stealth
 10762 | D:8      | Reached skill level 5 in Spellcasting
 11060 | D:9      | Gained mutation: You sometimes emit foul miasma when
                  | damaged in melee. [demonic ancestry]
 11060 | D:9      | Reached XP level 10. HP: 54/73 MP: 14/17
 11454 | D:8      | HP: 3/88 [wight/+3 short sword (3)]
 11454 | D:8      | Slain by a wraith

Illustrated notes

Levels and vault maps discovered:
D:1:      dpeg_arrival_circle_labyrinth_a, layout_basic,
          hellmonk_ecumenical_altar_pennies_from_heaven
D:2:      layout_rooms, grunt_decor_arrowhead, minmay_goblin_kobold_house
D:3:      layout_loops_cross, lemuel_zombie_altar_kikubaaqudgha,
          nicolae_wu_jian_wuxing_cycle, general_overflow_altar
D:4:      layout_basic, enter_ossuary_4, kennysheep_generic_room_9
D:5:      layout_gridville, serial_shops, nicolae_stop_n_shop_1,
          minmay_chambers_of_fives
D:6:      layout_cave_pools, minmay_temple_entry_tees, uniq_blork_the_orc
D:7:      layout_basic, chequers_temple_overflow_minitemple, nrook_mini_vaults
D:8:      layout_loops_corners, uniq_amaemon
D:9:      layout_cross, david_orc_4, enter_bailey_4,
          gammafunk_ghost_nasty_kobolds, onia_ninara_dug_in_and_dangerous
Temple:   nicolae_temple_bog_church

Skill      XL: |  1  2  3  4  5  6  7  8  9 10 |
---------------+-------------------------------+-----
Stealth        | 2 3 4 5 |  5.3
Dodging        | 2 3 4 |  4.9
Fighting       | 1 2 3 4 |  4.9
Axes           | 1 2 3 4 5 |  5.0
Transmutations | 1 2 3 |  3.5
Spellcasting   | 3 4 5 |  5.1
Conjurations   | 5 |  5.9
Armour         | 1 2 3 |  3.6
Hexes          | 2 3 |  3.2
Summonings     | 2 3 |  3.2

Action                   |  1- 3 |  4- 6 |  7- 9 | 10-12 || total
-------------------------+-------+-------+-------+-------++-------
Melee: Short sword       |    40 |       |       |       ||    40
       Dagger            |     5 |       |       |       ||     5
       Kick              |    15 |    49 |    50 |    16 ||   130
       Hand axe          |    57 |   171 |   119 |     4 ||   351
       Headbutt          |       |     1 |     8 |    10 ||    19
       Punch             |       |     2 |     1 |     1 ||     4
       Demon whip        |       |       |    28 |    39 ||    67
 Cast: Magic Dart        |    10 |     1 |    48 |     3 ||    62
       Searing Ray       |     1 |       |    51 |     2 ||    54
       Beastly Appendage |       |     1 |    10 |     4 ||    15
       Wereblood         |       |     1 |    11 |       ||    12
  Use: Scroll            |       |    14 |     8 |     1 ||    23
       Potion            |       |       |     5 |     3 ||     8
 Stab: Sleeping          |     7 |     3 |     1 |       ||    11
       Paralysed         |       |       |    12 |     6 ||    18
Armor: Robe              |    24 |    58 |    16 |       ||    98
       Ring mail         |       |       |    73 |    35 ||   108
       Skin              |       |       |       |     7 ||     7
Dodge: Dodged            |    62 |   116 |   114 |    47 ||   339
